 Dungeon Crawl Stone Soup version 0.28.0 (webtiles) character file.

Game seed: 15512620533437164848

217 sanka the Magician (level 5, -7/28 HPs)
             Began as a Deep Elf Transmuter on Feb 8, 2022.
             Killed from afar by an acid dragon (26 damage)
             ... with a splash of acid
             ... on level 4 of the Dungeon.
             The game lasted 00:05:55 (4947 turns).

sanka the Magician (Deep Elf Transmuter)            Turns: 4947, Time: 00:05:56

Health: -7/28      AC:  3    Str:  7    XL:     5   Next: 61%
Magic:  9/15       EV: 12    Int: 20    God:
Gold:   81         SH:  0    Dex: 15    Spells: 13/16 levels left

rFire   . . .      SeeInvis .     - Unarmed
rCold   . . .      Faith    .   (no shield)
rNeg    . . .      Spirit   .   a - +0 robe
rPois   .          Reflect  .   (no helmet)
rElec   .          Harm     .   (no cloak)
rCorr   .          Rampage  .   (no gloves)
Will    .....                   g - +0 pair of boots
Stlth   +.........              (no amulet)
HPRegen 0.09/turn               (no ring)
MPRegen 0.14/turn               (no ring)

@: no status effects
A: no striking features
a: no special abilities


You were on level 4 of the Dungeon.
You visited 2 branches of the dungeon, and saw 5 of its levels.

You collected 81 gold pieces.

Inventory:

Armour
 a - a +0 robe (worn)
 g - a +0 pair of boots (worn)
Jewellery
 f - a +6 ring of strength
Scrolls
 b - a scroll of enchant weapon {unknown}
 c - 3 scrolls of identify {unknown}
 e - a scroll of enchant armour {unknown}
Potions
 d - 2 potions of cancellation {unknown}


   Skills:
 - Level 0.7 Fighting
 - Level 2.4 Dodging
 - Level 2.4 Unarmed Combat
 - Level 6.1 Spellcasting
 + Level 2.6 Conjurations
 - Level 2.1 Transmutations
 + Level 2.4 Air Magic


You had 13 spell levels left.
You knew the following spells:

 Your Spells              Type           Power      Damage    Failure   Level
a - Beastly Appendage     Tmut           28%        N/A       4%          1
b - Static Discharge      Conj/Air       16%        N/A       5%          2

Your spell library contained the following spells:

 Spells                   Type           Power      Damage    Failure   Level
 Wereblood                Tmut           14%        N/A       6%          2
 Animate Skeleton         Necr           12%        N/A       11%         1
 Apportation              Tloc           12%        N/A       11%         1
 Summon Small Mammal      Summ           24%        N/A       11%         1
 Spider Form              Tmut/Pois      10%        N/A       21%         3
 Ice Form                 Ice/Tmut       10%        N/A       54%         4
 Lightning Bolt           Conj/Air       8%         1d20      69%         5
 Maxwell's Capacitive Co  Air            7%         ∞         100%        8


Dungeon Overview and Level Annotations

Branches:
Dungeon (4/15)             Temple (1/1) D:4

Altars:
Cheibriados
Dithmenos
Elyvilon
Nemelex Xobeh
Okawaru
Ru
Sif Muna
Trog
Wu Jian
Xom
Yredelemnul
Zin
The Shining One


Message History

Partly explored, can't reach some places.
Search for what [Enter for "armour", or ? for help]? veh Can't find anything matching that.
Unknown command.
There is a staircase back to the Dungeon here.
You climb upwards.
Welcome back to the Dungeon!
There is a staircase to the Ecumenical Temple here.
Unknown command.
The endoplasm quivers.
An endoplasm is nearby!
The endoplasm is struck by an arc of lightning!
You kill the endoplasm!
You are struck by an arc of lightning.
The lightning grounds out.
You start resting.
Magic restored.
You start resting.
HP restored.
A goblin comes into view. It is wielding a +0 club.
The goblin shouts!
An endoplasm and an acid dragon come into view.
The acid dragon roars!
The endoplasm quivers.
You barely miss the goblin. The goblin misses you.
The goblin hits you but does no damage. The endoplasm barely misses you.
The endoplasm is struck by an arc of lightning.
The endoplasm is almost dead.
The lightning grounds out.
The goblin hits you with a +0 club. The endoplasm completely misses you.
Unknown command.
The endoplasm is struck by an arc of lightning.
You kill the endoplasm!
The lightning grounds out.
The goblin hits you with a +0 club.
The acid dragon is struck by an arc of lightning.
The acid dragon is lightly wounded.
You are struck by an arc of lightning.
The lightning grounds out.
The goblin hits you with a +0 club. The acid dragon spits acid at you.
The splash of acid hits you!!
Ouch! That really hurt!
You die...

...##.#.#.#.#..##
#....#.#.#....#
#.............#
..#.#.>.#.##.##
#.##.#.#...#....#
#........#....#.#
#...#.##.#.##)#.#
. #...........#
#....##@#.#.#.#
#.##..Dg#.#.#.#
............ ..#
#####.....
#.#.### #.#.#
..#.# ####+#


You could see an acid dragon (catching breath) and a goblin.

Vanquished Creatures
  A bullfrog (D:3)
  A water moccasin skeleton (D:4)
  A gnoll (D:1)
  An adder (D:2)
  An adder skeleton (D:3)
  A worm (D:2)
  A dart slug (D:1)
  5 orcs (D:3)
  7 bats
  8 endoplasms
  A giant cockroach (D:1)
  7 goblins
  6 hobgoblins
  4 jackals (D:1)
  4 quokkas
  5 ball pythons
  4 frilled lizards
  A jackal skeleton (D:4)
  7 kobolds
  5 rats
71 creatures vanquished.

Notes
Turn   | Place    | Note
-------+----------+-------------------------------------------
     0 | D:1      | sanka the Deep Elf Transmuter began the quest for the Orb.
     0 | D:1      | Reached XP level 1. HP: 11/11 MP: 6/6
   113 | D:1      | Reached skill level 4 in Spellcasting
   113 | D:1      | Reached XP level 2. HP: 16/16 MP: 7/9
   651 | D:1      | Reached skill level 5 in Spellcasting
   651 | D:1      | Reached XP level 3. HP: 20/20 MP: 8/11
  1215 | D:2      | You fall into a shaft and drop 1 floor!
  2031 | D:2      | Reached XP level 4. HP: 15/24 MP: 13/13
  2034 | D:2      | Reached skill level 6 in Spellcasting
  3002 | D:3      | Learned a level 2 spell: Static Discharge
  3058 | D:3      | Found a faded altar of an unknown god.
  3319 | D:3      | Found a sparkling altar of Nemelex Xobeh.
  3443 | D:3      | Noticed a bullfrog
  3454 | D:3      | Killed a bullfrog
  3455 | D:3      | Reached skill level 1 in Conjurations
  3455 | D:3      | Reached skill level 1 in Air Magic
  3455 | D:3      | Reached XP level 5. HP: 11/28 MP: 4/15
  4693 | D:4      | Found a staircase to the Ecumenical Temple.
  4706 | Temple   | Entered the Ecumenical Temple
  4942 | D:4      | Noticed an acid dragon
  4947 | D:4      | Killed from afar by an acid dragon

Illustrated notes

Levels and vault maps discovered:
D:1:      erik_arrival_blinker_ship, layout_basic
D:2:      layout_loops_ring, serial_rivers, chequers_serial_rivers_small_3,
          chequers_serial_rivers_small_b, chequers_serial_rivers_micro_c,
          chequers_serial_rivers_micro_a, chequers_serial_rivers_small_3,
          minmay_misc_feat_diagonals
D:3:      layout_basic, mainiacjoe_overflow_24_doors,
          shapermc_ecumenical_altar_venn, interstate_on_off,
          minmay_misc_feat_cross, serial_bayou_pond_d, wad_rectangle_vault
D:4:      layout_loops_corners, minmay_temple_entry_ruins, skrybe_limestone_x
Temple:   minmay_temple_bridge_abc

Skill      XL: |  1  2  3  4  5 |
---------------+----------------+-----
Spellcasting   | 4 5 6 |  6.1
Conjurations   | 1 2 |  2.6
Air Magic      | 1 2 |  2.4
Fighting       | |  0.7
Dodging        | |  2.4
Unarmed Combat | |  2.4
Transmutations | |  2.1

Action                   |  1- 3 |  4- 6 || total
-------------------------+-------+-------++-------
Melee: Unarmed           |   133 |    23 ||   156
       Kick              |    29 |     6 ||    35
       Headbutt          |    15 |     1 ||    16
       Punch             |     4 |       ||     4
 Cast: Beastly Appendage |    31 |     5 ||    36
       Static Discharge  |       |    37 ||    37
Armor: Robe              |    28 |    10 ||    38
Dodge: Dodged            |    76 |    29 ||   105
